AoeStats
← [GG] Shevchenko 7

Pilgrims

507663450Analyzed
3v3 RM · 15d ago on Sep 19, 2026· 50m 34s· 6 players
Game mode
Random Map
Map size
Normal (6 player)
Population
200
Speed
Normal
Resources
Standard
Victory
Conquest
Starting age
Dark Age
Ending age
Imperial Age
RankedLock teamsTeams togetherTeam positionsShared explorationLock speedFull tech treeHidden civsTurbo modeCheats
Victory
Defeat
993
+15
🇧🇷 Japanese · Brazil
960
+16
🇧🇷 Portuguese · Brazil
957
+16
🇹🇼 Mongols · Taiwan
1063
-20
🇲🇽 Goths · Mexico
955
-15
🇲🇽 Bohemians · Mexico
874
-12
[GG] Raúl González Blanco
9:20 Loom
11:54 Feudal Age
12:27 Town Watch
18:25 Castle Age
20:35 Kamandaran
24:22 Thumb Ring
26:26 Fishing Lines
27:46 Fletching
28:24 Padded Archer Armor
31:58 Leather Archer Armor
31:58 Crossbowman
35:03 Bodkin Arrow
35:02 Gillnets
42:34 Imperial Age
40:32 Ballistics
41:18 Husbandry
41:28 Bloodlines
43:37 Ring Archer Armor
43:12 Scale Barding Armor
43:18 Forging
44:14 Chemistry
42:55 Cavalier
49:09 Wheelbarrow
49:34 Savar
50:49 Horse Collar
[GG] Shevchenko 7
4:24 Loom
16:28 Feudal Age
20:48 Castle Age
22:38 Padded Archer Armor
22:29 Fletching
25:48 Forging
25:38 Scale Mail Armor
25:40 Double-Bit Axe
25:44 Horse Collar
28:18 Wheelbarrow
29:37 Pikeman
33:24 Iron Casting
33:05 Chain Mail Armor
32:39 Arson
33:49 Elite Skirmisher
34:57 Husbandry
36:25 Scale Barding Armor
39:25 Hand Cart
40:58 Chain Barding Armor
41:43 Light Cavalry
42:33 Bloodlines
46:27 Leather Archer Armor
49:25 Redemption
49:36 Sanctity
50:53 Fervor
[GG] Trezeguet
3:50 Loom
13:38 Feudal Age
17:40 Castle Age
19:50 Forging
22:08 Scale Mail Armor
22:14 Scale Barding Armor
26:02 Gold Mining
35:11 Imperial Age
36:47 Demolition Ship
37:39 Medium Warships
38:34 Padded Archer Armor
45:07 Chain Mail Armor
Ricardo9gs
10:00 Loom
12:22 Feudal Age
12:55 Double-Bit Axe
13:21 Man-at-Arms
15:52 Bloodlines
26:14 Castle Age
25:45 Forging
25:35 Scale Mail Armor
26:23 Gold Mining
26:21 Pikeman
28:19 Horse Collar
30:53 Wheelbarrow
30:28 Anarchy
32:09 Bow Saw
39:14 Hand Cart
39:50 Iron Casting
39:55 Chain Mail Armor
40:52 Fletching
45:53 Squires
Ricky
14:23 Feudal Age
14:46 Man-at-Arms
19:45 Forging
19:37 Scale Mail Armor
28:28 Castle Age
29:16 Fishing Lines
35:00 Double-Bit Axe
34:59 Horse Collar
38:14 Bow Saw
38:09 Heavy Plow
40:24 Town Watch
41:17 Wheelbarrow
44:05 Imperial Age
42:21 Wagenburg Tactics
45:59 Chemistry
Martian
7:53 Loom
10:47 Feudal Age
14:40 Castle Age
14:52 Scale Barding Armor
14:40 Gold Mining
14:41 Double-Bit Axe
16:14 Forging
16:31 Bloodlines
16:03 Horse Collar
19:06 Husbandry
25:35 Bow Saw
25:37 Fletching
25:50 Stone Mining
28:05 Wheelbarrow
33:08 Bodkin Arrow
Connection lost

Rejoining the realm…

Still unreachable

The connection could not be restored.

Session expired

The server has moved on; the page needs a fresh start.